 Dungeon Crawl Stone Soup version 0.31.0-9-g3a7656b989 (webtiles) character file.

Game seed: 56861216019947631

21 qw the Shooter (level 2, -2/14 HPs)
             Began as a Spriggan Hunter on Feb 3, 2024.
             Succumbed to their own poison gas
             ... on level 1 of the Dungeon.
             The game lasted 00:00:12 (965 turns).

qw the Shooter (Spriggan Hunter)                     Turns: 965, Time: 00:00:13

Health: -2/14      AC:  2    Str:  7    XL:     2   Next: 65%
Magic:  3/3        EV: 34    Int: 10    God:
Gold:   15         SH:  0    Dex: 18    Spells: 1/1 levels left

rFire   . . .        a - +0 shortbow
rCold   . . .        (shield currently unavailable)
rNeg    . . .        c - +0 robe
rPois   .            (helmet restricted)
rElec   .            (no cloak)
rCorr   .            (gloves unavailable)
SInv    +            (boots unavailable)
Will    .....        i - amulet of the acrobat
Stlth   ++           (no ring)
HPRegen 0.22/turn    (no ring)
MPRegen 0.08/turn

%: acrobat
@: lethally poisoned (-2 -> -16), acrobatic, very quick
A: very small, no large weapons, unfitting armour, see invisible, speed 3
a: no special abilities


You were on level 1 of the Dungeon.
You visited 1 branch of the dungeon, and saw 1 of its levels.

You collected 15 gold pieces.


Innate Abilities, Weirdness & Mutations

You are very small and have problems with some larger weapons.
You are too small for most types of armour.
You have supernaturally acute eyesight. (SInv)
You cover ground extremely quickly. (Speed+++)


   Skills:
 - Level 1.5 Fighting
 + Level 4.2 Ranged Weapons
 - Level 4.0 Dodging
 - Level 1.5 Stealth


You had one spell level left.
You didn't know any spells.
Your spell library was empty.

Inventory:

Hand Weapons
 a - a +0 shortbow (weapon)
Armour
 c - a +0 robe (worn)
Jewellery
 i - an amulet of the acrobat (around neck)
Potions
 d - a potion of might {unknown}
 f - a potion of curing {unknown}
 g - a potion of haste {unknown}
 j - a potion of attraction {unknown}

Dungeon Overview and Level Annotations

Branches:
Dungeon (1/15)

Altars:

Shops:
D:1 *


Message History

Done waiting.
Done exploring.
959 ||| READING scroll labelled QIFUL EW JOE.
The air fills with toxic fumes!
As you read the scroll labelled QIFUL EW JOE, it crumbles to dust.
It was a scroll of poison.
Done exploring.
960 ||| DROPPING scroll of butterflies.
You drop a scroll of butterflies.
Done exploring.
961 ||| DROPPING scroll of vulnerability.
You drop a scroll of vulnerability.
Done exploring.
What level of the Dungeon? (default 1, ? - help) Sorry, I don't know how to get there.
Enter note:
Enter note:
Enter note:
Enter note:
Enter note:
Enter note:
Enter note:
Enter note:
Enter note:
Enter note:
Enter note:
Enter note:
Enter note:
Enter note:
Enter note: You are engulfed in poison gas.
You are lethally poisoned!
You feel very sick.
963 ||| Stepping ~*~*~tactically~*~*~ (cloud).
You feel very sick.
Things that are here:
a scroll of vulnerability; a scroll of butterflies; a ring of flight
There is a lethal amount of poison in your body!
You feel very sick.
There is a lethal amount of poison in your body!
You die...

#.# #.........# #.#
#.........# #.#
#.........# #¤#
#.........# #¤##
#.........#
####¤¤###¤........#
#¤0¤0¤¤0¤¤........#
##¤0¤¤¤#......)....#
#¤¤@0¤0¤#.....#.####
#¤¤#######....#.####
#0¤.....#..####.....
#¤.....#........####
#¤.............># #
#..#####........# #
##..............# #
#######........# #
#........# #


There were no monsters in sight!

Vanquished Creatures
  A bat (D:1)
  3 endoplasms (D:1)
  A giant cockroach (D:1)
  3 hobgoblins (D:1)
  A quokka (D:1)
  2 ball pythons (D:1)
  A frilled lizard (D:1)
  2 goblins (D:1)
  5 kobolds (D:1)
  A rat (D:1)
20 creatures vanquished.

Notes
Turn   | Place    | Note
-------+----------+-------------------------------------------
     0 | D:1      | qw the Spriggan Hunter began the quest for the Orb.
     0 | D:1      | Reached XP level 1. HP: 10/10 MP: 2/2
     0 | D:1      | 0 ||| qw: Version: 0.3-a-155-g5e7d8dd
     0 | D:1      | 0 ||| qw: Game counter: 3006
     0 | D:1      | 0 ||| qw: Melee chars always use a shield: true
     0 | D:1      | 0 ||| qw: God list: Okawaru
     0 | D:1      | 0 ||| qw: Allow faded altars: false
     0 | D:1      | 0 ||| qw: Do Orc after clearing Dungeon:15 true
     0 | D:1      | 0 ||| qw: Do second Lair branch before Depths: true
     0 | D:1      | 0 ||| qw: Lair rune preference: random
     0 | D:1      | 0 ||| qw: Goals: Normal
     0 | D:1      | 0 ||| PLANNING D:1-11
    40 | D:1      | Reached skill level 3 in Dodging
    81 | D:1      | Found Wirouv's Assorted Antiques.
    93 | D:1      | 93 ||| SHOPLISTING cloak (121 gold, have 6).
    93 | D:1      | 93 ||| SHOPLISTING glowing shortbow (162 gold, have 6).
    93 | D:1      | 93 ||| SHOPLISTING runed citrine amulet (135 gold, have 6).
    93 | D:1      | 93 ||| SHOPLISTING scroll labelled HEIFEN OC XOARO (27
                  | gold, have 6).
    93 | D:1      | 93 ||| SHOPLISTING scroll labelled LOTAIX CIARAH (27 gold,
                  | have 6).
   171 | D:1      | Reached XP level 2. HP: 13/14 MP: 3/3
   852 | D:1      | 852 ||| UPGRADING to amulet of the acrobat.
   857 | D:1      | 857 ||| DROPPING ring of flight.
   858 | D:1      | 858 ||| READING 2 scrolls labelled ODIRAKHLOEX.
   959 | D:1      | 959 ||| READING scroll labelled QIFUL EW JOE.
   960 | D:1      | 960 ||| DROPPING scroll of butterflies.
   961 | D:1      | 961 ||| DROPPING scroll of vulnerability.
   963 | D:1      | 963 ||| Stepping ~*~*~tactically~*~*~ (cloud).
   964 | D:1      | HP: 1/14 [poisoned by you (poison gas)]
   965 | D:1      | Succumbed to their own poison gas

Levels and vault maps discovered:
D:1:      zaba_arrival_water, layout_basic, serial_shops,
          nicolae_shop_advertising_works [nicolae_subvault_shop_adworks]

Skill      XL: |  1  2 |
---------------+-------+-----
Dodging        | 3 4 |  4.0
Fighting       | |  1.5
Ranged Weapons | |  4.2
Stealth        | |  1.5

Action                     || total
---------------------------++-------
   Fire: Shortbow          ||    47
    Use: Scroll            ||     2
 Armour: Robe              ||     3
  Dodge: Dodged            ||    11

Table legend:
 A = Non-vault XP
 B = Vault XP
 C = Vault XP percentage of total XP
 D = Non-vault monster count
 E = Vault monster count
 F = Vault count percentage of total count
                 A         B        C        D         E       F
            +---------+---------+-------+---------+---------+-------
      Total |      31 |       0 |   0.0 |      20 |       0 |   0.0
            +---------+---------+-------+---------+---------+-------
        D:1 |      31 |       0 |   0.0 |      20 |       0 |   0.0
            +---------+---------+-------+---------+---------+-------
